AoeStats
← pale.feola

Black Forest

509951922Analyzed
2v2 RM · 4d ago on Sep 28, 2026· 62m 55s· 4 players
Game mode
Random Map
Map size
Medium (4 player)
Population
200
Speed
Normal
Resources
Standard
Victory
Conquest
Starting age
Dark Age
Ending age
Imperial Age
RankedLock teamsTeams togetherTeam positionsShared explorationLock speedFull tech treeHidden civsTurbo modeCheats
Victory
Defeat
🇮🇹 Franks · Italy
765
+18
🇮🇹 Khmer · Italy
762
+18
🇳🇱 Armenians · Netherlands
828
-19
🇬🇧 Byzantines · United Kingdom
777
-17
Giank
1:55 Loom
14:28 Feudal Age
15:59 Double-Bit Axe
20:24 Castle Age
18:18 Horse Collar
20:26 Stone Mining
21:29 Bow Saw
22:44 Town Watch
23:35 Wheelbarrow
23:46 Heavy Plow
26:27 Stone Shaft Mining
27:39 Hand Cart
31:29 Gold Mining
31:17 Man-at-Arms
32:33 Long Swordsman
37:05 Imperial Age
35:16 Husbandry
35:27 Bloodlines
35:05 Arson
37:10 Two-Handed Swordsman
38:17 Conscription
37:59 Double Crossbow
38:38 Hoardings
38:43 Light Cavalry
41:49 Chemistry
41:11 Ballistics
40:59 Siege Engineers
41:06 Fortified Wall
40:52 Murder Holes
42:10 Devotion
42:12 Heavy Scorpion
43:26 Hussar
46:26 Sanctity
48:45 Fletching
49:06 Forging
48:57 Padded Archer Armor
48:57 Scale Mail Armor
51:51 Bodkin Arrow
52:32 Iron Casting
52:13 Leather Archer Armor
52:14 Chain Mail Armor
52:07 Scale Barding Armor
53:44 Crop Rotation
54:46 Masonry
54:28 Heated Shot
59:15 Pikeman
62:06 Architecture
61:39 Bracer
62:40 Blast Furnace
pale.feola
10:07 Loom
11:54 Feudal Age
18:36 Castle Age
18:27 Loom
21:03 Double-Bit Axe
26:55 Bow Saw
30:38 Wheelbarrow
29:48 Town Watch
30:00 Gold Mining
30:45 Fortified Wall
33:39 Imperial Age
31:51 Gold Shaft Mining
31:11 Stone Mining
31:34 Town Watch
32:22 Town Patrol
32:48 Hand Cart
33:11 Man-at-Arms
33:39 Gambesons
33:59 Squires
33:19 Pikeman
33:45 Arson
36:15 Chivalry
35:41 Long Swordsman
35:43 Halberdier
36:56 Forging
36:52 Scale Mail Armor
38:07 Conscription
38:27 Hoardings
37:30 Two-Handed Swordsman
39:16 Chemistry
38:58 Siege Engineers
39:07 Siege Engineers
39:18 Caravan
40:51 Iron Casting
40:25 Scale Barding Armor
40:40 Chain Mail Armor
39:47 Cavalier
40:28 Husbandry
39:58 Champion
41:33 Chain Barding Armor
42:31 Blast Furnace
41:00 Onager
42:41 Masonry
42:15 Paladin
43:45 Plate Barding Armor
43:53 Plate Mail Armor
45:15 Architecture
62:43 Spies/Treason
Clagius Clanler
6:22 Loom
11:18 Feudal Age
12:22 Feudal Age
17:18 Castle Age
15:19 Double-Bit Axe
16:51 Horse Collar
20:53 Fishing Lines
22:58 Wheelbarrow
23:03 Bow Saw
25:42 Hand Cart
26:07 Scale Mail Armor
25:55 Fishing Lines
26:43 Heavy Plow
27:37 Chain Mail Armor
28:19 Man-at-Arms
29:13 Forging
29:14 Squires
30:39 Gold Mining
31:21 Sanctity
30:28 Long Swordsman
30:55 Gambesons
31:15 Town Watch
32:16 Iron Casting
35:18 Imperial Age
33:54 Fervor
33:10 Two-Handed Swordsman
33:58 Town Patrol
34:26 Pikeman
35:37 Redemption
36:35 Plate Mail Armor
36:27 Block Printing
36:30 Fereters
37:26 Gold Shaft Mining
37:44 Illumination
37:08 Halberdier
37:09 Champion
38:18 Arson
39:09 Conscription
39:00 Caravan
39:51 Ballistics
40:03 Masonry
41:04 Hoardings
42:45 Theocracy
43:42 Blast Furnace
44:12 Fletching
45:26 Capped Ram
50:25 Onager
53:18 Bodkin Arrow
56:02 Scale Barding Armor
55:58 Bracer
57:07 Chain Barding Armor
56:10 Light Cavalry
56:56 Husbandry
57:07 Bloodlines
59:39 Padded Archer Armor
Rana Advisor
11:17 Loom
14:26 Feudal Age
16:25 Horse Collar
17:05 Double-Bit Axe
21:42 Stone Mining
21:42 Gold Mining
22:14 Scale Mail Armor
25:32 Wheelbarrow
28:20 Castle Age
28:50 Scale Barding Armor
29:00 Forging
29:36 Wheelbarrow
31:18 Pikeman
32:57 Stone Shaft Mining
33:00 Gold Shaft Mining
32:38 Bow Saw
34:45 Chain Mail Armor
35:06 Iron Casting
34:52 Chain Barding Armor
34:46 Husbandry
38:20 Imperial Age
36:51 Hand Cart
37:03 Squires
38:33 Heavy Camel Rider
39:33 Gambesons
41:46 Two-Man Saw
43:26 Chemistry
42:56 Murder Holes
43:15 Halberdier
44:11 Capped Ram
62:05 Light Cavalry
Connection lost

Rejoining the realm…

Still unreachable

The connection could not be restored.

Session expired

The server has moved on; the page needs a fresh start.